 Dungeon Crawl Stone Soup version 0.28.0-43-g3370ac3207 (webtiles) character file.

Game seed: 8301901006721524995

196 pkoi the Chiller (level 5, -6/41 HPs)
             Began as a Demigod Ice Elementalist on Mar 23, 2022.
             Killed by nerve-wracking pain
             ... invoked by Grinder
              (11 damage)
             ... on level 3 of the Dungeon.
             The game lasted 00:05:22 (4072 turns).

pkoi the Chiller (Demigod Ice Elementalist)         Turns: 4072, Time: 00:05:23

Health: -6/41      AC:  3    Str:  9    XL:     5   Next: 21%
Magic:  3/10       EV: 12    Int: 21    God:
Gold:   151        SH:  5    Dex: 14    Spells: 3/7 levels left

rFire   . . .      SeeInvis .   l - +2 dagger (venom)
rCold   . . .      Faith    .   (no shield)
rNeg    . . .      Spirit   .   a - +0 robe
rPois   .          Reflect  +   (no helmet)
rElec   .          Harm     .   (no cloak)
rCorr   .          Rampage  .   (no gloves)
Will    .....                   j - +0 pair of boots
Stlth   ++........              e - amulet of reflection
HPRegen 0.13/turn               (no ring)
MPRegen 0.12/turn               (no ring)

@: no status effects
A: high MP 1, forlorn, divine attributes
a: no special abilities


You were on level 3 of the Dungeon.
You visited 1 branch of the dungeon, and saw 3 of its levels.

You collected 151 gold pieces.

Inventory:

Hand Weapons
 b - a +0 short sword
 l - a +2 dagger of venom (weapon)
Armour
 a - a +0 robe (worn)
 j - a +0 pair of boots (worn)
Magical Staves
 g - a staff of earth
Jewellery
 e - an amulet of reflection (around neck)
Wands
 m - a wand of digging (7)
Scrolls
 c - 3 scrolls of identify {unknown}
 d - a scroll of fear {unknown}
 f - a scroll of immolation {unknown}
 h - a scroll of vulnerability {unknown}
 o - a scroll of teleportation {unknown}
Potions
 i - a potion of berserk rage {unknown}
 k - 2 potions of flight {unknown}
 n - a potion of brilliance {unknown}


   Skills:
 + Level 1.8 Fighting
 + Level 2.7 Dodging
 - Level 1.7 Stealth
 - Level 1.7 Spellcasting
 * Level 5.3 Ice Magic


You had 3 spell levels left.
You knew the following spells:

 Your Spells              Type           Power      Damage    Failure   Level
a - Freeze                Ice            96%        1d11      1%          1
b - Frozen Ramparts       Ice            48%        1d6       4%          3

Your spell library contained the following spells:

 Spells                   Type           Power      Damage    Failure   Level
 Ozocubu's Armour         Ice            24%        N/A       4%          3
 Hailstorm                Conj/Ice       13%        3d5       45%         4


Dungeon Overview and Level Annotations

Branches:
Dungeon (3/15)

Annotations:
D:3 Grinder


Innate Abilities, Weirdness & Mutations

You have an increased reservoir of magic. (+10% MP)
You shall have no god before yourself.
Your divine heritage dramatically boosts your attributes as you level up.


Message History

You writhe in agony.
* * * LOW HITPOINT WARNING * * *
Grinder completely resists.
The wall freezes Grinder but does no damage.
Grinder hits you.
* * * LOW HITPOINT WARNING * * *
You writhe in agony.
* * * LOW HITPOINT WARNING * * *
Grinder resists.
The wall freezes Grinder.
Grinder hits you.
* * * LOW HITPOINT WARNING * * *
You writhe in agony.
* * * LOW HITPOINT WARNING * * *
You can move again.
You barely miss Grinder.
Grinder is lightly wounded.
Grinder completely resists.
The wall freezes Grinder but does no damage.
Grinder hits you but does no damage.
Unknown command.
Aiming: Freeze (safe; 1% risk of failure)
Press: ? - help, Q - select action, (/) - cycle Shift-Dir - straight line, f - Grinder
Aim: Grinder (lightly wounded)
You freeze Grinder.
Grinder resists.
Grinder is lightly wounded.
Grinder completely resists.
The wall freezes Grinder but does no damage.
Grinder barely misses you.
Aiming: Freeze (safe; 1% risk of failure)
Press: ? - help, Q - select action, (/) - cycle Shift-Dir - straight line, f/p - Grinder
Aim: Grinder (lightly wounded)
You freeze Grinder but do no damage.
Grinder completely resists.
The frozen ramparts melt away.
Grinder hits you!
* * * LOW HITPOINT WARNING * * *
You writhe in agony.
* * * LOW HITPOINT WARNING * * *
Grinder gestures at you. You resist with significant effort.
Grinder gestures at you. Pain shoots through your body!
You die...

#.#..................#...........
..........###....#..............#
...####............###..........#
.#......#....##†#####.........###
...>....#.#.###.........(.....#
##......#...............>.....###
#......###..##........####......
......o..........................
###########.####@.##.......##.#..
#####...).# ##.....##.†###.###
#.....##### #...###.....#....
#.....# ##.5.##....)......
###.....# ##..#.#..†.........
.##..5..# #.....#............
........# #...###.....5.)......
##......# #.## #..#............
##......# #. #.##............


You could see Grinder.

Vanquished Creatures
  Ijyb (D:3)
  An orc wizard (D:3)
  Robin (D:3)
  5 adders
  A worm (D:2)
  6 orcs (D:3)
  5 ball pythons
  4 bats
  6 endoplasms
  2 giant cockroaches (D:1)
  11 goblins
  11 hobgoblins
  7 kobolds
  4 quokkas
  5 frilled lizards
  5 rats
75 creatures vanquished.

Notes
Turn   | Place    | Note
-------+----------+-------------------------------------------
     0 | D:1      | pkoi the Demigod Ice Elementalist began the quest for the
                  | Orb.
     0 | D:1      | Reached XP level 1. HP: 14/14 MP: 5/5
   142 | D:1      | Reached skill level 4 in Ice Magic
   153 | D:1      | Reached XP level 2. HP: 8/20 MP: 2/7
  1727 | D:1      | Reached XP level 3. HP: 27/27 MP: 5/8
  1933 | D:1      | Learned a level 3 spell: Frozen Ramparts
  2711 | D:3      | Reached skill level 1 in Fighting
  2783 | D:3      | Noticed Grinder
  2803 | D:3      | Reached XP level 4. HP: 35/35 MP: 4/9
  2850 | D:3      | Paralysed by Grinder for 4 turns
  2855 | D:3      | Paralysed by Grinder for 3 turns
  3149 | D:3      | Paralysed by Grinder for 6 turns
  3422 | D:3      | Noticed Ijyb
  3422 | D:3      | Noticed Robin
  3433 | D:3      | Killed Robin
  3434 | D:3      | Reached skill level 5 in Ice Magic
  3435 | D:3      | Killed Ijyb
  3886 | D:3      | Reached XP level 5. HP: 39/41 MP: 6/10
  4062 | D:3      | Paralysed by Grinder for 5 turns
  4072 | D:3      | Killed from afar by Grinder

Illustrated notes

Levels and vault maps discovered:
D:1:      dpeg_arrival_boxorama, layout_basic, basic_ecumenical_altar,
          st_stairs_7
D:2:      layout_loops_ring
D:3:      layout_rooms, uniq_ijyb, uniq_grinder, uniq_robin

Skill      XL: |  1  2  3  4 |
---------------+-------------+-----
Ice Magic      | 4 5 |  5.3
Dodging        | 2 |  2.7
Fighting       | 1 |  1.8
Stealth        | |  1.7
Spellcasting   | |  1.7

Action                   |  1- 3 |  4- 6 || total
-------------------------+-------+-------++-------
Melee: Short sword       |    45 |     6 ||    51
       Punch             |     1 |       ||     1
       Dagger            |       |    11 ||    11
 Cast: Freeze            |    60 |    13 ||    73
       Frozen Ramparts   |       |     5 ||     5
Armor: Robe              |    13 |     5 ||    18
Dodge: Dodged            |    37 |    12 ||    49
Block: Other             |    15 |     7 ||    22
